 Dungeon Crawl Stone Soup version 0.20.0-15-g7f486f2 (webtiles) character file.

8628 Celandrion the Protected (level 11, -2/103 HPs)
             Began as a Gargoyle Gladiator on June 13, 2017.
             Was an Elder of Okawaru.
             Slain by a six-headed hydra (6 damage)
             ... on level 1 of the Lair of Beasts.
             The game lasted 00:54:25 (16130 turns).

Celandrion the Protected (Gargoyle Gladiator)      Turns: 16130, Time: 00:54:26

Health: -2/103     AC: 22    Str: 24    XL:     11   Next: 33%
Magic:  12/12      EV: 11    Int: 11    God:    Okawaru [****..]
Gold:   346        SH:  0    Dex: 11    Spells: 10/10 levels left

rFire    . . .     SeeInvis .   a - +1 morningstar
rCold    + . .     Gourm    .   (no shield)
rNeg     + . .     Faith    .   m - +0 chain mail
rPois    ∞         Spirit   .   c - +1 helmet
rElec    +         Reflect  .   C - scarf {cloud immunity}
rCorr    .         Harm     .   p - +0 pair of gloves
MR       .....                  (no boots)
Stlth    ..........             F - amulet of magic regeneration
Regen    0.3/turn               D - ring of protection from cold
MPRegen  0.2/turn               (no ring)

@: berserking, very quick
A: negative energy resistance 1, electricity resistance, unbreathing,
petrification resistance, rot immunity, AC +7
a: Heroism, Renounce Religion


You were on level 1 of the Lair of Beasts.
You worshipped Okawaru.
Okawaru was greatly pleased with you.
You were not hungry.

You visited 3 branches of the dungeon, and saw 12 of its levels.

You collected 542 gold pieces.
You spent 196 gold pieces at shops.

Inventory:

Hand Weapons
 a - a +1 morningstar (weapon)
 b - a +2 shortbow of velocity
 y - the +8 halberd of Iwied {vamp, rN+}
   (You found it on level 7 of the Dungeon)

   It inflicts no extra harm, but heals its wielder when it wounds a living foe.
   It protects you from negative energy.
Missiles
 A - 69 arrows
Armour
 c - a +1 helmet (worn)
 e - a +0 shield
 m - a +0 chain mail (worn)
 p - a +0 pair of gloves (worn)
 C - a scarf of cloud immunity (worn)
Jewellery
 h - an uncursed ring of ice
 D - a ring of protection from cold (left hand)
 F - an amulet of magic regeneration (around neck)
Wands
 k - a wand of lightning (11/15)
 o - a wand of digging (12/24)
 u - a wand of lightning (2/15)
 v - a wand of iceblast (7/15)
Scrolls
 g - 2 scrolls of enchant weapon
 n - 2 scrolls of enchant armour
 x - 2 scrolls of recharging
 B - 4 scrolls of remove curse
Potions
 d - 2 potions of cancellation
 j - 4 potions of resistance
 q - a potion of ambrosia
 s - 5 potions of curing
 w - 3 potions of flight
 z - a potion of agility
Books
 i - a book of Maledictions

   Spells                             Type                      Level
   a - Corona                         Hexes                        1
   b - Ensorcelled Hibernation        Hexes/Ice                    2
   c - Confuse                        Hexes                        3
   d - Tukima's Dance                 Hexes                        3
   e - Dazzling Spray                 Conjuration/Hexes            3
Comestibles
 f - 8 bread rations
 l - 3 meat rations
 t - 4 chunks of flesh


   Skills:
 + Level 8.9 Fighting
 - Level 9.1 Maces & Flails
 * Level 3.0 Polearms
 - Level 1.7 Throwing
 + Level 9.6 Armour
 + Level 7.4 Dodging
 - Level 2.5 Invocations


You had 10 spell levels left.
You didn't know any spells.

Dungeon Overview and Level Annotations

Branches:
Dungeon (10/15)            Temple (1/1) D:7            Lair (1/6) D:8
    Orc: D:9-12

Altars:
Ashenzari
Cheibriados
Dithmenos
Elyvilon
Fedhas
Gozag
Hepliaklqana
Kikubaaqudgha
Makhleb
Nemelex Xobeh
Okawaru
Qazlal
Ru
Sif Muna
Trog
Uskayaw
Vehumet
Xom
Yredelemnul
Zin
The Shining One

Shops:
D:5 *

Annotations:
D:5 OGRE!
D:7 Rust Devils + Unique Stairs (Obsidian Axe +14)
D:10 Sonja


Innate Abilities, Weirdness & Mutations

You are resistant to torment.
Your stone body is resilient. (AC +7)
You are immune to poison.
You resist negative energy. (rN+)
You are resistant to electric shocks. (rElec)
You can survive without breathing.
You are immune to petrification.
You are immune to rotting.


Message History

The six-headed hydra bites you but does no damage. x4
A red film seems to cover your vision as you go berserk!
You feel yourself moving faster!
You feel mighty!
The six-headed hydra closely misses you.
The six-headed hydra bites you!
* * * LOW HITPOINT WARNING * * *
The six-headed hydra bites you but does no damage. x2
The six-headed hydra bites you.
* * * LOW HITPOINT WARNING * * *
The six-headed hydra closely misses you.
You barely miss the six-headed hydra.
The six-headed hydra is severely wounded.
The six-headed hydra bites you!
* * * LOW HITPOINT WARNING * * *
The six-headed hydra bites you but does no damage. x2
The six-headed hydra closely misses you.
The six-headed hydra bites you.
* * * LOW HITPOINT WARNING * * *
The six-headed hydra bites you.
You die...

....≈♣≈≈≈≈≈≈≈≈♣♣.........P#
# #..P♣≈;≈P♣≈≈♣♣..........#
# #..≈≈♣♣≈P≈≈P♣♣♣.........#
##
#....≈P≈≈≈♣≈♣##..../....##.+
##...$♣≈♣≈♣#.##.........+..P
#......≈≈♣.#..#..........# #
##.........##.#.........## #
#........D##.'..........#
#.###+####@###.........## #
### ######.#.## #...#
#####.### #.......###
#.......... #........###
#.........## ..........##


You could see a six-headed hydra.

Vanquished Creatures
  A centaur warrior (D:8)
  A two-headed ogre (D:8)
  A deep elf mage (D:10)
  The ghost of tschems the Shield-Bearer, an amateur HuFi (D:3)
  2 hippogriffs (D:8)
  A spriggan (D:7)
  A wyvern (D:8)
  10 yaks
  A hungry ghost (D:7)
  5 orc warriors
  5 sky beasts
  3 ogres
  A phantom (D:9)
  A necrophage (D:8)
  A centaur (D:5)
  A crocodile (Lair:1)
  10 bullfrogs
  A water moccasin skeleton (D:5)
  3 scorpions
  5 wights
  2 howler monkeys
  7 crimson imps
  2 bullfrog zombies
  4 jellies
  5 orc priests
  3 hounds
  15 orc wizards
  2 centaur skeletons
  3 iguanas
  10 worker ants
  A killer bee zombie (D:9)
  A hound zombie (D:7)
  2 worker ant zombies
  16 adders
  3 shadow imps
  An ooze (D:1)
  An adder skeleton (D:4)
  5 worms
  3 dart slugs
  6 leopard geckos
  50 orcs
  11 bats
  5 giant cockroaches
  6 goblins
  12 hobgoblins
  17 jackals
  7 kobolds
  2 quokkas
  2 ball pythons (D:3)
  5 frilled lizards
  2 leopard gecko skeletons (D:8)
  A quokka skeleton (D:5)
  5 rats
272 creatures vanquished.

Vanquished Creatures (others)
  A plant (Lair:1)
1 creature vanquished.

Grand Total: 273 creatures vanquished

Notes
Turn   | Place    | Note
-------+----------+-------------------------------------------
     0 | D:1      | Celandrion the Gargoyle Gladiator began the quest for the Orb.
     0 | D:1      | Reached XP level 1. HP: 12/12 MP: 1/1
    87 | D:1      | Reached XP level 2. HP: 9/18 MP: 2/2
   520 | D:1      | Reached XP level 3. HP: 22/22 MP: 3/3
   552 | D:1      | Reached skill level 1 in Armour
  1106 | D:2      | Reached XP level 4. HP: 24/27 MP: 4/4
  1919 | D:3      | Noticed tschems's ghost (amateur HuFi)
  2149 | D:3      | HP: 1/27 [tschems's ghost (5)]
  2913 | D:3      | Reached XP level 5. HP: 32/32 MP: 5/5
  3151 | D:3      | Noticed a sky beast
  3176 | D:3      | Killed a sky beast
  3466 | D:3      | Reached XP level 6. HP: 34/37 MP: 6/6
  4391 | D:4      | Found a bloodstained altar of Trog.
  4625 | D:4      | Reached XP level 7. HP: 42/43 MP: 7/7
  5449 | D:5      | Entered Level 5 of the Dungeon
  5904 | D:5      | Reached skill level 5 in Maces & Flails
  6377 | D:5      | Found Jeyxul's Assorted Antiques.
  6381 | D:5      | Bought a scroll of identify for 56 gold pieces
  6381 | D:5      | Bought a coral ring for 140 gold pieces
  6532 | D:5      | Reached XP level 8. HP: 45/48 MP: 8/8
  6596 | D:5      | Reached skill level 5 in Fighting
  6642 | D:5      | Reached skill level 5 in Armour
  7371 | D:5      | Noticed a two-headed ogre
  9175 | D:3      | Killed tschems's ghost
  9433 | D:5      | Reached skill level 5 in Dodging
  9532 | D:5      | Reached XP level 9. HP: 50/55 MP: 9/9
 11166 | D:7      | Found a staircase to the Ecumenical Temple.
 11195 | Temple   | Entered the Ecumenical Temple
 11264 | Temple   | Became a worshipper of Warmaster Okawaru
 11579 | D:7      | Got a polished halberd
 11636 | D:7      | Identified a scroll of acquirement
 12129 | D:6      | Noticed a rust devil
 12129 | D:6      | Noticed a rust devil
 12275 | D:8      | Noticed a centaur warrior
 12297 | D:7      | Reached * piety under Okawaru
 12586 | D:8      | Reached XP level 10. HP: 30/64 MP: 10/10
 12604 | D:8      | Killed a centaur warrior
 12604 | D:8      | Reached ** piety under Okawaru
 12717 | D:8      | Noticed a two-headed ogre
 12761 | D:8      | Killed a two-headed ogre
 12761 | D:8      | Reached *** piety under Okawaru
 13380 | D:8      | Found a staircase to the Lair.
 13804 | D:8      | Reached skill level 1 in Invocations
 14019 | D:9      | Reached **** piety under Okawaru
 14019 | D:9      | Reached XP level 11. HP: 45/69 MP: 12/12
 14622 | D:9      | Reached skill level 1 in Polearms
 15355 | D:10     | Entered Level 10 of the Dungeon
 15483 | D:10     | Noticed a deep elf mage
 15504 | D:10     | Killed a deep elf mage
 15731 | D:10     | Noticed Sonja
 15983 | Lair:1   | Entered Level 1 of the Lair of Beasts
 16087 | Lair:1   | Identified the +8 halberd of Iwied {vamp, rN+} (You found it on level 7 of the Dungeon)
 16108 | Lair:1   | Noticed a six-headed hydra
 16130 | Lair:1   | HP: 4/103 [six-headed hydra (5)]
 16130 | Lair:1   | Slain by a six-headed hydra

Skill      XL: |  1  2  3  4  5  6  7  8  9 10 11 |
---------------+----------------------------------+-----
Armour         | 1 2 3 4 6 7 9 |  9.6
Dodging        | 3 4 5 6 7 |  7.4
Fighting       | 3 4 6 7 8 |  8.9
Maces & Flails | 4 5 6 7 8 9 |  9.1
Invocations    | 2 |  2.5
Polearms       | 3 |  3.0
Throwing       | |  1.7

Action                   |  1- 3 |  4- 6 |  7- 9 | 10-12 || total
-------------------------+-------+-------+-------+-------++-------
Melee: Flail             |   128 |   172 |       |       ||   300
       Morningstar       |       |   111 |   581 |   435 ||  1127
 Fire: Shortbow          |       |       |    23 |     8 ||    31
Throw: Stone             |       |     4 |       |       ||     4
       Throwing net      |       |       |     5 |     1 ||     6
Invok: Heroism           |       |       |       |     1 ||     1
Evoke: Wand              |       |       |     1 |     2 ||     3
  Use: Scroll            |     5 |     7 |    15 |     4 ||    31
       Potion            |       |     1 |     1 |     3 ||     5
 Stab: Held in net/web   |       |       |       |     2 ||     2
  Eat: Chunk             |     1 |     9 |    10 |    10 ||    30
       Fruit             |       |     3 |       |       ||     3
       Meat ration       |       |       |     1 |     1 ||     2
       Royal jelly       |       |       |     3 |     1 ||     4
       Bread ration      |       |       |     2 |       ||     2
Armor: Leather armour    |    54 |     2 |       |       ||    56
       Scale mail        |       |   145 |   307 |       ||   452
       Chain mail        |       |       |    98 |   287 ||   385
Dodge: Dodged            |   107 |   163 |   368 |   204 ||   842
